 Dungeon Crawl Stone Soup version 0.21.1 (webtiles) character file.

509 JeffiDaFish the Magician (level 7, -5/56 HPs)
             Began as a Gnoll Wanderer on Feb 3, 2018.
             Killed from afar by an orc wizard (8 damage)
             ... with a magic dart
             ... on level 4 of the Dungeon.
             The game lasted 00:16:35 (4703 turns).

JeffiDaFish the Magician (Gnoll Wanderer)           Turns: 4703, Time: 00:16:37

Health: -5/56      AC:  9    Str: 11    XL:     7   Next: 19%
Magic:  18/18      EV: 11    Int: 16    God:
Gold:   170        SH:  7    Dex: 16    Spells: 20/21 levels left

rFire    . . .     SeeInvis .   e - +0 spear
rCold    . . .     Gourm    +   k - +2 buckler
rNeg     . . .     Faith    .   o - +3 ring mail
rPois    .         Spirit   .   (no helmet)
rElec    .         Reflect  .   (no cloak)
rCorr    .         Harm     .   l - +0 pair of gloves
MR       .....                  (no boots)
Stlth    ++........             b - amulet of the gourmand
HPRegen  0.18/turn              (no ring)
MPRegen  0.16/turn              (no ring)

@: no status effects
A: distributed training, fangs 1, blurry vision 1, mutation resistance 1, weak
1, strong nose
a: no special abilities


You were on level 4 of the Dungeon.
You were very full.

You visited 1 branch of the dungeon, and saw 4 of its levels.

You collected 170 gold pieces.

Inventory:

Hand Weapons
 a - a +2 dagger
 e - a +0 spear (weapon)
Armour
 k - a +2 buckler (worn)
 l - a +0 pair of gloves (worn)
 o - a +3 ring mail (worn)
Jewellery
 b - an amulet of the gourmand (around neck)
Wands
 i - a wand of iceblast (8)
Scrolls
 d - 2 scrolls of teleportation
 g - 3 scrolls of identify
 j - a scroll of magic mapping
 m - a scroll of blinking
 n - a scroll of fear
Books
 c - Tuberis's Compendium of Sinister Rituals

   Spells                             Type                      Level
   a - Animate Skeleton               Necromancy                   1
   b - Regeneration                   Charms/Necromancy            3
Comestibles
 f - 10 rations


   Skills:
 + Level 5.1 Fighting
 + Level 2.2 Short Blades
 + Level 2.2 Long Blades
 + Level 2.2 Axes
 + Level 2.2 Maces & Flails
 + Level 2.2 Polearms
 + Level 2.2 Staves
 + Level 2.2 Slings
 + Level 2.2 Bows
 + Level 2.2 Crossbows
 + Level 5.1 Throwing
 + Level 2.2 Armour
 + Level 2.2 Dodging
 + Level 3.3 Stealth
 + Level 2.2 Shields
 + Level 2.2 Unarmed Combat
 + Level 7.5 Spellcasting
 + Level 1.8 Conjurations
 + Level 1.8 Hexes
 + Level 4.2 Charms
 + Level 1.8 Summonings
 + Level 1.8 Necromancy
 + Level 1.8 Translocations
 + Level 1.8 Transmutations
 + Level 1.8 Fire Magic
 + Level 1.8 Ice Magic
 + Level 1.8 Air Magic
 + Level 1.8 Earth Magic
 + Level 1.8 Poison Magic
 + Level 2.5 Invocations
 + Level 2.2 Evocations


You had 20 spell levels left.
You knew the following spells:

 Your Spells              Type           Power        Failure   Level  Hunger
a - Animate Skeleton      Necr           N/A          16%         1    None


Dungeon Overview and Level Annotations

Branches:
Dungeon (4/15)
 Temple: D:4-7

Altars:
Okawaru
Uskayaw
Zin


Innate Abilities, Weirdness & Mutations

Your experience applies equally to all skills.
You have very sharp teeth.
Your uncanny sense of smell can sniff out nearby items.
Scrolls take you a little longer to read.
You are somewhat resistant to further mutation.
You are weak. (Str -2)


Message History

Something hits you but does no damage. Something hits you.
* * * LOW HITPOINT WARNING * * *
Something burns you.
* * * LOW HITPOINT WARNING * * *
You block the orc priest's attack.
You hit the orc priest.
The orc priest is heavily wounded.
Something hits you but does no damage. x2
You closely miss the orc priest.
The orc priest is heavily wounded.
The orc priest calls down the wrath of Beogh upon you.
You struggle to resist.
Something completely misses you. Something hits you but does no damage.
You closely miss the orc priest.
The orc priest is heavily wounded.
The orc priest barely misses you. Something hits you but does no damage.
You hear some strange, mumbled words.
A magic dart appears from out of thin air!
The magic dart hits you!
You die...

........ ........ #..
)....!.. #.# ..oo#
........ #.# oo..# ######'
#.# ....# #. #.# ....# #.
#.# ###########....#
######. #.#
#.......{@#....# #......
##.#####.......{o#....###
#......
ZZ>...................c.#
#......
########.........######.#
#...).. #.........#
####..##...... #.........#
#............. #.........#
#...........#.
#.........###.......(...#.
#.........+.............#.


You could see an orc priest.

Vanquished Creatures
  The ghost of aubilenon the Insei, an amateur OpTm (D:4)
  The ghost of Larett the Sneak, an amateur OpAs (D:3)
  A howler monkey (D:4)
  An orc wizard (D:3)
  2 worker ants
  4 adders
  An ooze (D:3)
  A worm (D:2)
  A dart slug (D:1)
  2 leopard geckos
  10 orcs (D:4)
  4 giant cockroaches
  11 goblins
  9 hobgoblins
  8 jackals
  7 kobolds
  3 quokkas
  2 ball pythons
  11 bats
  4 frilled lizards
  6 rats
90 creatures vanquished.

Vanquished Creatures (collateral kills)
  A worm (D:2)
  A dart slug (D:2)
  An orc (D:3)
  A goblin (D:2)
  A bat (D:2)
  2 frilled lizards (D:2)
7 creatures vanquished.

Grand Total: 97 creatures vanquished

Notes
Turn   | Place    | Note
-------+----------+-------------------------------------------
     0 | D:1      | JeffiDaFish the Gnoll Wanderer began the quest for the Orb.
     0 | D:1      | JeffiDaFish set off with: a +2 dagger, a potion of berserk rage, Tuberis's Compendium of Sinister Rituals, a scroll of teleportation, a +0 robe, a ration
     0 | D:1      | Reached XP level 1. HP: 20/20 MP: 8/8
    45 | D:1      | Identified Tuberis's Compendium of Sinister Rituals
    47 | D:1      | Learned a level 1 spell: Animate Skeleton
   212 | D:1      | Reached XP level 2. HP: 25/26 MP: 10/10
   384 | D:1      | HP: 1/26 [giant cockroach (2)]
  1003 | D:1      | Reached XP level 3. HP: 28/31 MP: 11/11
  1425 | D:2      | Reached skill level 1 in Invocations
  1475 | D:2      | Reached skill level 1 in Short Blades
  1475 | D:2      | Reached skill level 1 in Long Blades
  1475 | D:2      | Reached skill level 1 in Axes
  1475 | D:2      | Reached skill level 1 in Maces & Flails
  1475 | D:2      | Reached skill level 1 in Polearms
  1475 | D:2      | Reached skill level 1 in Staves
  1475 | D:2      | Reached skill level 1 in Slings
  1475 | D:2      | Reached skill level 1 in Bows
  1475 | D:2      | Reached skill level 1 in Crossbows
  1475 | D:2      | Reached skill level 1 in Armour
  1475 | D:2      | Reached skill level 1 in Dodging
  1475 | D:2      | Reached skill level 1 in Shields
  1475 | D:2      | Reached skill level 1 in Unarmed Combat
  1475 | D:2      | Reached skill level 1 in Evocations
  1602 | D:2      | Reached XP level 4. HP: 38/38 MP: 13/13
  1622 | D:2      | Found an iron altar of Okawaru.
  1967 | D:2      | Found a glowing silver altar of Zin.
  2463 | D:3      | Reached skill level 1 in Conjurations
  2463 | D:3      | Reached skill level 1 in Hexes
  2463 | D:3      | Reached skill level 1 in Summonings
  2463 | D:3      | Reached skill level 1 in Necromancy
  2463 | D:3      | Reached skill level 1 in Translocations
  2463 | D:3      | Reached skill level 1 in Transmutations
  2463 | D:3      | Reached skill level 1 in Fire Magic
  2463 | D:3      | Reached skill level 1 in Ice Magic
  2463 | D:3      | Reached skill level 1 in Air Magic
  2463 | D:3      | Reached skill level 1 in Earth Magic
  2463 | D:3      | Reached skill level 1 in Poison Magic
  2610 | D:3      | Gained mutation: You are weak. (Str -2) [potion of mutation]
  2610 | D:3      | Gained mutation: Scrolls take you a little longer to read. [potion of mutation]
  2610 | D:3      | Gained mutation: You are somewhat resistant to further mutation. [potion of mutation]
  2772 | D:3      | Reached XP level 5. HP: 21/43 MP: 14/14
  3177 | D:3      | Noticed Larett's ghost (amateur OpAs)
  3218 | D:3      | Killed Larett's ghost
  3912 | D:4      | Noticed aubilenon's ghost (amateur OpTm)
  3955 | D:4      | Killed aubilenon's ghost
  3955 | D:4      | Reached skill level 5 in Fighting
  3955 | D:4      | Reached skill level 5 in Throwing
  3955 | D:4      | Reached XP level 6. HP: 15/51 MP: 16/16
  4310 | D:4      | Reached XP level 7. HP: 52/56 MP: 18/18
  4410 | D:4      | Found a hide-covered altar of Uskayaw.
  4703 | D:4      | Killed from afar by an orc wizard

Skill      XL: |  1  2  3  4  5 |
---------------+----------------+-----
Invocations    | 1 2 |  2.5
Short Blades   | 1 2 |  2.2
Long Blades    | 1 2 |  2.2
Axes           | 1 2 |  2.2
Maces & Flails | 1 2 |  2.2
Polearms       | 1 2 |  2.2
Staves         | 1 2 |  2.2
Slings         | 1 2 |  2.2
Bows           | 1 2 |  2.2
Crossbows      | 1 2 |  2.2
Armour         | 1 2 |  2.2
Dodging        | 1 2 |  2.2
Shields        | 1 2 |  2.2
Unarmed Combat | 1 2 |  2.2
Evocations     | 1 2 |  2.2
Conjurations   | 1 |  1.8
Hexes          | 1 |  1.8
Summonings     | 1 |  1.8
Necromancy     | 1 |  1.8
Translocations | 1 |  1.8
Transmutations | 1 |  1.8
Fire Magic     | 1 |  1.8
Ice Magic      | 1 |  1.8
Air Magic      | 1 |  1.8
Earth Magic    | 1 |  1.8
Poison Magic   | 1 |  1.8
Charms         | 4 |  4.2
Fighting       | 5 |  5.1
Throwing       | 5 |  5.1
Stealth        | 3 |  3.3
Spellcasting   | |  7.5

Action                   |  1- 3 |  4- 6 |  7- 9 || total
-------------------------+-------+-------+-------++-------
Melee: Dagger            |    81 |       |       ||    81
       Bite              |    21 |    23 |    11 ||    55
       Spear             |    78 |   296 |    92 ||   466
 Cast: Animate Skeleton  |     7 |    14 |     3 ||    24
  Use: Scroll            |     4 |     4 |     1 ||     9
       Potion            |     2 |     7 |     3 ||    12
 Stab: Sleeping          |     3 |     2 |       ||     5
  Eat: Chunk             |     2 |    15 |     8 ||    25
Armor: Robe              |     7 |       |       ||     7
       Ring mail         |    45 |    79 |    66 ||   190
Dodge: Dodged            |    91 |   109 |    45 ||   245
Block: Buckler           |       |    76 |    33 ||   109
